 Dungeon Crawl Stone Soup version 0.29.0-4-gdea44cf6ec (webtiles) character file.

Game seed: 9366780108989977619

0 qw the Sneak (level 1, -3/14 HPs)
             Began as a Gargoyle Delver on Sept 10, 2022.
             Slain by an ufetubus (4 damage)
             ... on level 4 of the Dungeon.
             The game lasted 00:00:02 (33 turns).

qw the Sneak (Gargoyle Delver)                        Turns: 33, Time: 00:00:02

Health: -3/14      AC:  5    Str: 15    XL:     1   Next: 0%
Magic:  1/1        EV: 11    Int: 10    God:
Gold:   17         SH:  0    Dex: 11    Spells: 0/0 levels left

rFire   . . .      SeeInvis .   a - +0 hand axe
rCold   . . .      Faith    .   (no shield)
rNeg    + . .      Spirit   .   b - +0 leather armour
rPois   inf        Reflect  .   (no helmet)
rElec   +          Harm     .   (no cloak)
rCorr   .          Rampage  .   (no gloves)
Will    .....                   (no boots)
Stlth   +++.......              (no amulet)
HPRegen 0.04/turn               (no ring)
MPRegen 0.07/turn               (no ring)

@: no status effects
A: sickness immunity, AC +2, negative energy resistance 1, electricity
resistance, torment resistance 1, petrification resistance
a: no special abilities


You were on level 4 of the Dungeon.
You visited 1 branch of the dungeon, and saw 2 of its levels.

You collected 17 gold pieces.


Innate Abilities, Weirdness & Mutations

You are immune to sickness and miasma.
Your stone body is resilient. (AC +2)
You are immune to poison.
You resist negative energy. (rN+)
You are resistant to electric shocks. (rElec)
You are resistant to unholy torment.
You are immune to petrification.


   Skills:
 - Level 3.2 Fighting
 + Level 1.7 Axes
 - Level 1.5 Dodging
 - Level 5.4 Stealth


You couldn't memorise any spells.
You didn't know any spells.
Your spell library was empty.

Inventory:

Hand Weapons
 a - a +0 hand axe (weapon)
Armour
 b - a +0 leather armour (worn)
Wands
 g - a wand of digging (3)
Potions
 f - a potion of haste

Dungeon Overview and Level Annotations

Branches:
Dungeon (5/15)
 Temple: D:4-7

Altars:


Message History

There is a stone staircase leading down here.
Existing waypoints: (2) D:5 Assign waypoint to what number? (0-9, D - delete waypoint) Waypoint 1 assigned to D:4.
An ufetubus comes into view.
Found a stone staircase leading down.
The ufetubus shouts!
A shadow imp comes into view.
26 ||| Stepping ~*~*~tactically~*~*~ (stealth).
You hear a shout!
A shadow imp and an adder come into view.
The ufetubus hits the demonic plant. x2
You barely miss the shadow imp. The shadow imp hits you.
You barely miss the shadow imp.
The shadow imp grins evilly.
The shadow imp barely misses you.
You hit the shadow imp.
The shadow imp is heavily wounded.
A nearby demonic plant withers and dies.
The shadow imp closely misses you. The adder bites you but does no damage.
You hit the shadow imp.
The shadow imp is almost dead.
You closely miss the adder. The adder barely misses you.
The shadow imp gestures at you. Pain shoots through your body!
The adder barely misses you.
You hit the shadow imp but do no damage.
The shadow imp is almost dead.
You closely miss the adder. The shadow imp barely misses you.
The adder bites you but does no damage. The shadow imp gestures at you.
Pain shoots through your body!
Ouch! That really hurt!
You hit the shadow imp.
You kill the shadow imp!
You hit the adder. The adder closely misses you. The ufetubus hits you.
You die...

### ..#
#.# #.#
#.# #.#
#>#
######.#
#.S@...#
#..P57####
#$.7. #.
.. .> .77
#. ## #


You could see an adder and an ufetubus.

Vanquished Creatures
  A shadow imp (D:4)
1 creature vanquished.

Vanquished Creatures (others)
  A demonic plant (D:4)
1 creature vanquished.

Grand Total: 2 creatures vanquished

Notes
Turn   | Place    | Note
-------+----------+-------------------------------------------
     0 | D:5      | qw the Gargoyle Delver began the quest for the Orb.
     0 | D:5      | Reached XP level 1. HP: 14/14 MP: 1/1
     0 | D:5      | 0 ||| qw: Version: 0.1-a-116-g5d60599
     0 | D:5      | 0 ||| qw: Game counter: 8859
     0 | D:5      | 0 ||| qw: Always use a shield: true
     0 | D:5      | 0 ||| qw: God list: Okawaru
     0 | D:5      | 0 ||| qw: Allow faded altars: false
     0 | D:5      | 0 ||| qw: Do Orc after D:15 true
     0 | D:5      | 0 ||| qw: Do second Lair branch before Depths: true
     0 | D:5      | 0 ||| qw: Lair rune preference: random
     0 | D:5      | 0 ||| qw: Plans: Normal
     0 | D:5      | 0 ||| PLANNING D:1-11
     4 | D:5      | 4 ||| DROPPING scroll of fog.
     5 | D:5      | 5 ||| DROPPING scroll of magic mapping.
     6 | D:5      | 6 ||| DROPPING scroll of fear.
    26 | D:4      | 26 ||| Stepping ~*~*~tactically~*~*~ (stealth).
    32 | D:4      | HP: 1/14 [shadow imp/nerve-wracking pain (7)]
    33 | D:4      | Slain by an ufetubus

Levels and vault maps discovered:
D:4:      layout_loops_ring, kiku_gazebo_pond_becter, serial_demonic,
          serial_demonic_g, serial_demonic_b, serial_demonic_b, serial_demonic_e
D:5:      cheibrodos_two_vegetables, layout_loops_ring,
          minmay_misc_feat_secret_circle, st_stairs_8, minmay_shop_damaged,
          hex_large

Action                   || total
-------------------------++-------
Melee: Hand axe          ||     6
Armor: Leather armour    ||     2
Dodge: Dodged            ||     6

Table legend:
 A = Non-vault XP
 B = Vault XP
 C = Vault XP percentage of total XP
 D = Non-vault monster count
 E = Vault monster count
 F = Vault count percentage of total count
                 A         B        C        D         E       F
            +---------+---------+-------+---------+---------+-------
      Total |       0 |      11 | 100.0 |       0 |       1 | 100.0
            +---------+---------+-------+---------+---------+-------
        D:4 |       0 |      11 | 100.0 |       0 |       1 | 100.0
            +---------+---------+-------+---------+---------+-------
